 Dungeon Crawl Stone Soup version 0.32-a0-779-g362cfcae2a (webtiles) character file.

Game seed: 697385094421453532

24 Rohain the Sneak (level 2, 0/15 HPs)
             Began as a Vampire Enchanter on Mar 19, 2024.
             Slain by a hobgoblin (1 damage)
             ... on level 1 of the Dungeon.
             The game lasted 00:00:58 (339 turns).

Rohain the Sneak (Vampire Enchanter)                 Turns: 339, Time: 00:00:59

Health: 0/15       AC:  2    Str:  7    XL:     2   Next: 79%
Magic:  5/5        EV: 11    Int: 17    God:
Gold:   28         SH:  0    Dex: 14    Spells: 5/5 levels left

rFire   . . .        d - +0 short sword (drain)
rCold   + + .        (no shield)
rNeg    + + +        b - +0 robe
rPois   ∞            (no helmet)
rElec   .            (no cloak)
rCorr   .            (no gloves)
SInv    +            (no boots)
Will    .....        (no amulet)
Stlth   +++++        (no ring)
HPRegen 0.00/turn    (no ring)
MPRegen 0.09/turn

%: no passive effects
@: bloodless, inhibited regen, invisible
A: bloodless, fangs 3, see invisible, vampiric 1
a: Revivify


You were on level 1 of the Dungeon.
You visited 1 branch of the dungeon, and saw 1 of its levels.

You collected 28 gold pieces.

Inventory:

Hand Weapons
 a - a +1 dagger
 d - a +0 short sword of draining (weapon)
Armour
 b - a +0 robe (worn)
Scrolls
 e - a scroll of amnesia {unknown}
 f - 2 scrolls of identify {unknown}
 g - a scroll of poison {unknown}
 h - a scroll of vulnerability {unknown}
 i - a scroll of teleportation {unknown}
Potions
 c - a potion of invisibility


   Skills:
 + Level 1.6 Short Blades
 + Level 2.5 Dodging
 * Level 5.1 Stealth
 + Level 2.2 Spellcasting
 + Level 4.6 Hexes


You had 5 spell levels left.
You didn't know any spells.
Your spell library contained the following spells:

 Spells                   Type           Power      Damage    Failure   Level
 Confusing Touch          Hex            17%        N/A       9%          3
 Tukima's Dance           Hex            17%        N/A       9%          3
 Ensorcelled Hibernation  Hex/Ice        18%        N/A       11%         2
 Dazzling Flash           Conj/Hex       18%        N/A       22%         3
 Inner Flame              Hex/Fire       9%         N/A       22%         3
 Scorch                   Fire           2%         2d5       28%         2
 Flame Wave               Conj/Fire      1%         2d4       88%         4
 Sticky Flame             Fire/Alch      1%         2d4       88%         4
 Summon Cactus Giant      Summ           0%         N/A       100%        6


Dungeon Overview and Level Annotations

Branches:
Dungeon (1/15)

Altars:


Innate Abilities, Weirdness & Mutations

You do not regenerate when monsters are visible.
You are frail without blood (-20% HP).
You can heal yourself when you bite living creatures.
You are immune to poison.
You have razor-sharp teeth.
You have supernaturally acute eyesight. (SInv)
You are afflicted with vampirism.


Message History

You hear a loud squeak.
The gnoll hits you with a +0 club.
You hit the gnoll. You drain the gnoll.
The gnoll is heavily wounded.
The gnoll hits you with a +0 club.
You are too injured to fight recklessly!
The gnoll attacks as it pursues you! The gnoll hits you but does no damage.
The endoplasm jiggles.
The gnoll attacks as it pursues you! The gnoll hits you with a +0 club.
* * * LOW HITPOINT WARNING * * *
The gnoll attacks as it pursues you! The gnoll barely misses you.
You hit the gnoll but do no damage. You drain the gnoll.
The gnoll is heavily wounded.
The gnoll barely misses you.
You barely miss the gnoll. You bite the gnoll.
You draw the gnoll's blood!
You feel better.
The gnoll is almost dead.
The gnoll hits you with a +0 club.
* * * LOW HITPOINT WARNING * * *
You hit the gnoll.
You kill the gnoll!
Your Stealth skill increases to level 5!
You barely miss the endoplasm. The endoplasm freezes you.
You are frozen.
You resist.
* * * LOW HITPOINT WARNING * * *
The endoplasm attacks as it pursues you!
The endoplasm hits you.
* * * LOW HITPOINT WARNING * * *
You hit the endoplasm but do no damage. You drain the endoplasm.
The endoplasm is heavily wounded.
The endoplasm misses you.
You hit the endoplasm.
You kill the endoplasm!
You hit the hobgoblin.
The hobgoblin is lightly wounded.
The hobgoblin hits you but does no damage.
You fade into invisibility!
The hobgoblin hits you.
You die...

........#####................#
........#...###..............#
...........................###
...........................#
...........................###
............#................#
............#................#
............##...............#
............##..@g).........##
.............#..###.........#
............................#
...................J...######
.....†....†...........###
........................#
#.......................##
#........................##
#..........................


You could see a hobgoblin (unable to see you).

Vanquished Creatures
  A gnoll (D:1)
  2 ball pythons (D:1)
  3 bats (D:1)
  2 endoplasms (D:1)
  A giant cockroach (D:1)
  A goblin (D:1)
  A quokka (D:1)
  2 kobolds (D:1)
  A rat (D:1)
14 creatures vanquished.

Notes
Turn   | Place    | Note
-------+----------+-------------------------------------------
     0 | D:1      | Rohain the Vampire Enchanter began the quest for the Orb.
     0 | D:1      | Reached XP level 1. HP: 13/13 MP: 3/3
   150 | D:1      | Reached XP level 2. HP: 15/15 MP: 5/5
   334 | D:1      | Reached skill level 5 in Stealth
   339 | D:1      | Slain by a hobgoblin

Illustrated notes

Levels and vault maps discovered:
D:1:      dpeg_arrival_ternary, layout_basic, serial_glass, glass_columns_a,
          glass_columns_a, hex_intersection, chequers_serial_rivers_small_a,
          hex_medium

Skill      XL: |  1  2 |
---------------+-------+-----
Stealth        | 5 |  5.1
Short Blades   | |  1.6
Dodging        | |  2.5
Spellcasting   | |  2.2
Hexes          | |  4.6

Action                     || total
---------------------------++-------
  Melee: Dagger            ||    12
         Short sword       ||    25
         Bite              ||     4
Ability: Exsanguinate      ||     1
    Use: Potion            ||     1
   Stab: Sleeping          ||     4
 Armour: Robe              ||    23
  Dodge: Dodged            ||    14

Table legend: (Time is in decaauts)
 A = Elapsed time spent in this place.
 B = Non-inter-level travel time spent in this place.
 C = Inter-level travel time spent in this place.
 D = Time resting spent in this place.
 E = Time spent auto-exploring this place.
 F = Levels seen in this place.
 G = Mean time per level.
                   A        B        C        D        E       F      G
               +--------+--------+--------+--------+--------+-----+--------+
         Total |    338 |    338 |      0 |      0 |    211 |   1 |  338.0 |
       Dungeon |    338 |    338 |      0 |      0 |    211 |   1 |  338.0 |
               +--------+--------+--------+--------+--------+-----+--------+

Top non-repeatable levels by time:
     D:1: 338 daAuts
